 Dungeon Crawl Stone Soup version 0.27-a0-1116-g91b3acb402 (webtiles) character file.

Game seed: 953600220583470711

7 Perrydaboss the Chopper (level 2, 0/26 HPs)
             Began as a Gnoll Wanderer on May 1, 2021.
             Slain by a kobold
             ... wielding a +0 short sword
              (4 damage)
             ... on level 1 of the Dungeon.
             The game lasted 00:02:14 (345 turns).

Perrydaboss the Chopper (Gnoll Wanderer)             Turns: 345, Time: 00:02:15

Health: 0/26       AC:  2    Str: 15    XL:     2   Next: 4%
Magic:  5/5        EV: 11    Int:  9    God:
Gold:   11         SH:  0    Dex:  9    Spells: 6/6 levels left

rFire    . . .     SeeInvis .   a - +2 dagger
rCold    . . .     Faith    .   (no shield)
rNeg     . . .     Spirit   .   f - +0 robe
rPois    .         Reflect  .   (no helmet)
rElec    .         Harm     .   (no cloak)
rCorr    .         Rampage  .   (no gloves)
Will     .....                  (no boots)
Stlth    +.........             (no amulet)
HPRegen  0.08/turn              (no ring)
MPRegen  0.09/turn              (no ring)

@: no status effects
A: fangs 1, strong nose, distributed training
a: no special abilities


You were on level 1 of the Dungeon.
You visited 1 branch of the dungeon, and saw 1 of its levels.

You collected 11 gold pieces.

Inventory:

Hand Weapons
 a - a +2 dagger (weapon)
 c - a +0 hand crossbow
 e - a +0 hand axe
Missiles
 b - a curare-tipped dart (quivered)
 d - 19 bolts
 j - 4 datura-tipped darts
Armour
 f - a +0 robe (worn)
Scrolls
 h - 3 scrolls of noise {unknown}
 k - a scroll of enchant weapon {unknown}
Potions
 g - a potion of haste {unknown}
 i - a potion of brilliance {unknown}


   Skills:
 + Level 4.4 Fighting
 + Level 0.2 Short Blades
 + Level 0.2 Long Blades
 + Level 4.4 Axes
 + Level 0.2 Maces & Flails
 + Level 0.2 Polearms
 + Level 0.2 Staves
 + Level 0.2 Slings
 + Level 0.2 Bows
 + Level 0.2 Crossbows
 + Level 2.4 Throwing
 + Level 2.4 Armour
 + Level 0.2 Dodging
 + Level 0.2 Stealth
 + Level 2.4 Shields
 + Level 0.2 Unarmed Combat
 + Level 2.6 Spellcasting
 + Level 0.1 Conjurations
 + Level 0.1 Hexes
 + Level 0.1 Summonings
 + Level 0.1 Necromancy
 + Level 0.1 Translocations
 + Level 3.6 Transmutations
 + Level 0.1 Fire Magic
 + Level 0.1 Ice Magic
 + Level 0.1 Air Magic
 + Level 0.1 Earth Magic
 + Level 0.1 Poison Magic
 + Level 0.3 Invocations
 + Level 0.2 Evocations


You had 6 spell levels left.
You didn't know any spells.
Your spell library was empty.

Dungeon Overview and Level Annotations

Branches:
Dungeon (1/15)

Altars:


Innate Abilities, Weirdness & Mutations

You have very sharp teeth.
Your uncanny sense of smell can sniff out nearby items.
Your experience applies equally to all skills.


Message History

k - a scroll labelled JOWKATHREUWU
Found a short sword.
A kobold comes into view. It is wielding a +0 club.
The kobold shouts!
A kobold comes into view. It is wielding a +0 short sword.
A hobgoblin comes into view.
The hobgoblin shouts!
The kobold shouts!
The kobold barely misses you.
You hit the hobgoblin.
The hobgoblin is heavily wounded.
The kobold hits you with a +0 club. The hobgoblin hits you.
You hit the hobgoblin.
The hobgoblin is severely wounded.
The kobold misses you. The hobgoblin hits you.
You are too injured to fight recklessly!
You are too injured to fight recklessly!
You are too injured to fight recklessly!
You are too injured to fight recklessly!
You are too injured to fight recklessly!
You hit the kobold.
The kobold is heavily wounded.
The kobold barely misses you.
The kobold hits you with a +0 short sword.
* * * LOW HITPOINT WARNING * * *
The hobgoblin completely misses you.
You hit the kobold.
You kill the kobold!
The kobold closely misses you. The hobgoblin misses you.
You closely miss the hobgoblin.
The hobgoblin is severely wounded.
The kobold hits you but does no damage. The hobgoblin barely misses you.
You hit the hobgoblin.
You kill the hobgoblin!
The kobold hits you with a +0 short sword.
* * * LOW HITPOINT WARNING * * *
You have reached level 2!
You completely miss the kobold.
The kobold hits you with a +0 short sword.
You die...

# ##.####.###.# #
###...###..........#
#
......##.######.###
#.....##. #.# .....
#.# .... #.#
#.###..### #.#
#....†)K.# #.#
##.@#.##### #.#
#.......... .#####
#...####... ......
#...##### ######
#.......############
#...................
#.#####)############
#. #.# #. #.#


You could see a kobold.

Vanquished Creatures
  An endoplasm (D:1)
  A hobgoblin (D:1)
  2 kobolds (D:1)
  A bat (D:1)
  2 frilled lizards (D:1)
7 creatures vanquished.

Notes
Turn   | Place    | Note
-------+----------+-------------------------------------------
     0 | D:1      | Perrydaboss the Gnoll Wanderer began the quest for the Orb.
     0 | D:1      | Perrydaboss set off with the following items: a +2 dagger,
                  | a curare-tipped dart, a +0 hand crossbow, 19 bolts, a +0
                  | hand axe, a +0 robe
     0 | D:1      | Reached XP level 1. HP: 20/20 MP: 4/4
   345 | D:1      | Reached XP level 2. HP: 4/26 MP: 5/5
   345 | D:1      | Slain by a kobold

Illustrated notes

Levels and vault maps discovered:
D:1:      scummos_arrival_forest, layout_loops_ring, chequers_garden

Action                   || total
-------------------------++-------
Melee: Dagger            ||    29
       Bite              ||     1
Armor: Robe              ||     6
Dodge: Dodged            ||    14

Table legend: (Time is in decaauts)
 A = Elapsed time spent in this place.
 B = Non-inter-level travel time spent in this place.
 C = Inter-level travel time spent in this place.
 D = Time resting spent in this place.
 E = Time spent auto-exploring this place.
 F = Levels seen in this place.
 G = Mean time per level.
                   A        B        C        D        E       F      G
               +--------+--------+--------+--------+--------+-----+--------+
         Total |    344 |    344 |      0 |      0 |    264 |   1 |  344.0 |
       Dungeon |    344 |    344 |      0 |      0 |    264 |   1 |  344.0 |
               +--------+--------+--------+--------+--------+-----+--------+

Top non-repeatable levels by time:
     D:1: 344 daAuts
